AoeStats
← WolfAtic

Yucatan

510339081Analyzed
4v4 RM · 1d ago on Sep 30, 2026· 51m 50s· 8 players
Game mode
Random Map
Map size
Large (8 player)
Population
200
Speed
Normal
Resources
Standard
Victory
Conquest
Starting age
Dark Age
Ending age
Imperial Age
RankedLock teamsTeams togetherTeam positionsShared explorationLock speedFull tech treeHidden civsTurbo modeCheats
Victory
Defeat
🇨🇳 Bulgarians · China
1310
+14
🇨🇳 Tatars · China
1284
+15
🇨🇳 Burgundians · China
1216
+18
🇦🇷 Mongols · Argentina
1199
+19
🇬🇧 Vietnamese · United Kingdom
1315
-19
🇵🇪 Japanese · Peru
1292
-18
🇬🇧 Huns · United Kingdom
1260
-16
🇳🇴 Varangians · Norway
1181
-13
kraquen
11:05 Feudal Age
15:31 Castle Age
15:01 Stone Mining
15:23 Loom
17:18 Double-Bit Axe
26:12 Horse Collar
28:52 Scale Mail Armor
32:28 Wheelbarrow
35:45 Imperial Age
33:39 Heavy Plow
33:55 Bow Saw
33:42 Town Watch
35:01 Chain Mail Armor
35:52 Forging
35:33 Fletching
39:37 Iron Casting
40:36 Plate Mail Armor
45:29 Hand Cart
47:41 Elite Samurai
Milhouse Van Houten
11:59 Feudal Age
16:26 Castle Age
14:20 Fletching
15:54 Double-Bit Axe
15:50 Horse Collar
18:51 Loom
28:48 Bodkin Arrow
30:54 Wheelbarrow
31:14 Padded Archer Armor
32:49 Gold Mining
32:50 Stone Mining
34:49 Ballistics
35:19 Leather Archer Armor
35:19 Thumb Ring
37:48 Imperial Age
35:41 Town Watch
36:38 Treadmill Crane
38:11 Stone Shaft Mining
38:34 Bracer
40:04 Chemistry
39:35 Elite Rattan Archer
40:30 Guilds
41:04 Ring Archer Armor
40:46 Elite Fire Lancer
41:28 Scale Mail Armor
42:11 Forging
42:14 Squires
43:28 Chain Mail Armor
46:12 Hand Cart
47:05 Plate Mail Armor
46:06 Pikeman
47:22 Iron Casting
47:59 Halberdier
49:51 Paper Money
Sheepeehs
6:15 Loom
8:30 Feudal Age
10:25 Double-Bit Axe
10:21 Horse Collar
17:54 Castle Age
16:14 Horse Collar
17:35 Scale Barding Armor
18:07 Bloodlines
18:41 Husbandry
27:41 Bow Saw
27:34 Heavy Plow
28:31 Wheelbarrow
28:23 Fletching
34:28 Hand Cart
34:10 Gold Mining
35:35 Stone Mining
38:30 Imperial Age
37:53 Chain Barding Armor
37:51 Town Watch
38:31 Cavalier
39:50 Plate Barding Armor
40:52 Forging
42:45 Iron Casting
42:05 Paladin
43:38 Conscription
44:48 Blast Furnace
46:07 Bodkin Arrow
46:46 Pikeman
47:27 Squires
47:06 Light Cavalry
49:05 Hussar
WolfAtic
12:29 Feudal Age
12:55 Horse Collar
13:02 Double-Bit Axe
13:10 Loom
19:04 Castle Age
18:19 Gold Mining
18:19 Stone Mining
19:57 Bow Saw
24:43 Heavy Plow
30:17 Scale Mail Armor
31:38 Fletching
31:58 Forging
31:49 Scale Mail Armor
39:59 Iron Casting
39:29 Scale Barding Armor
40:54 Bloodlines
40:44 Husbandry
41:52 Stone Shaft Mining
44:06 Imperial Age
45:49 Blast Furnace
44:36 Elite Jarl
45:37 Conscription
45:42 Masonry
46:34 Chemistry
45:54 Ballistics
47:06 Chain Barding Armor
47:13 Fervor
青柑普洱
8:53 Loom
10:40 Feudal Age
14:45 Castle Age
14:40 Fletching
14:50 Padded Archer Armor
15:19 Double-Bit Axe
16:41 Gold Mining
17:21 Bow Saw
22:14 Horse Collar
23:39 Bodkin Arrow
29:21 Wheelbarrow
28:51 Heavy Plow
31:06 Leather Archer Armor
37:01 Imperial Age
37:28 Bloodlines
37:19 Husbandry
37:49 Hand Cart
40:20 Bracer
42:34 Ring Archer Armor
43:16 Chemistry
45:35 Heavy Cavalry Archer
48:10 Ballistics
48:22 Conscription
50:45 Treadmill Crane
51:15 Masonry
仙逆许木
11:21 Feudal Age
15:06 Castle Age
20:56 Scale Barding Armor
22:39 Wheelbarrow
25:31 Double-Bit Axe
25:29 Horse Collar
28:41 Bow Saw
28:39 Heavy Plow
29:03 Gold Mining
30:24 Stone Mining
34:33 Imperial Age
32:28 Forging
32:10 Loom
32:46 Hand Cart
33:02 Chain Barding Armor
33:44 Stirrups
34:26 Iron Casting
34:42 Gold Shaft Mining
34:46 Stone Shaft Mining
35:04 Husbandry
35:14 Bloodlines
35:46 Conscription
36:08 Plate Barding Armor
36:34 Blast Furnace
35:36 Elite Konnik
35:46 Capped Ram
36:40 Siege Ram
37:40 Fletching
38:09 Siege Engineers
38:15 Masonry
40:52 Architecture
43:04 Bodkin Arrow
44:19 Murder Holes
44:46 Ballistics
46:11 Bracer
53:09 Chemistry
jinzhi
4:02 Double-Bit Axe
4:22 Loom
13:42 Feudal Age
13:41 Horse Collar
17:33 Castle Age
16:58 Bow Saw
20:08 Gold Mining
20:20 Heavy Plow
22:37 Scale Barding Armor
23:55 Forging
24:51 Cavalier
26:14 Husbandry
26:59 Wheelbarrow
27:53 Chain Barding Armor
29:00 Iron Casting
31:20 Hand Cart
34:40 Gold Shaft Mining
33:55 Stone Mining
36:56 Imperial Age
34:13 Town Watch
34:13 Loom
37:30 Stone Shaft Mining
37:59 Two-Man Saw
37:38 Crop Rotation
37:28 Paladin
39:10 Blast Furnace
39:18 Plate Barding Armor
43:06 Chemistry
49:47 Conscription
49:33 Burgundian Vineyards
[TYN] Shamburger
5:44 Loom
11:21 Feudal Age
13:58 Town Watch
19:05 Castle Age
16:59 Fletching
17:15 Scale Barding Armor
17:20 Forging
33:51 Double-Bit Axe
34:46 Bloodlines
34:37 Husbandry
35:50 Wheelbarrow
37:31 Bodkin Arrow
37:57 Chain Barding Armor
37:38 Padded Archer Armor
42:11 Imperial Age
39:59 Hand Cart
42:19 Capped Ram
42:45 Elite Mangudai
43:45 Conscription
43:48 Drill
43:51 Bracer
44:07 Siege Ram
46:00 Ballistics
46:40 Chemistry
49:19 Iron Casting
48:08 Heavy Camel Rider
Connection lost

Rejoining the realm…

Still unreachable

The connection could not be restored.

Session expired

The server has moved on; the page needs a fresh start.